 Dungeon Crawl Stone Soup version 0.21.1-1-g345015f (webtiles) character file.

1728 aMcNicky the Digger (level 9, 0/50 HPs)
             Began as a Gargoyle Earth Elementalist on Mar 10, 2018.
             Was a Follower of Vehumet.
             Slain by a troll (10 damage)
             ... on level 6 of the Dungeon.
             The game lasted 00:35:57 (5582 turns).

aMcNicky the Digger (Gargoyle Earth Elementalist)   Turns: 5582, Time: 00:35:57

Health: 0/50       AC: 10    Str: 12    XL:     9   Next: 5%
Magic:  4/16       EV: 13    Int: 19    God:    Vehumet [*.....]
Gold:   270        SH:  0    Dex: 10    Spells: 7/18 levels left

rFire    . . .     SeeInvis .   I - +3 morningstar
rCold    . . .     Gourm    .   (no shield)
rNeg     + . .     Faith    .   c - +0 robe
rPois    ∞         Spirit   .   (no helmet)
rElec    +         Reflect  .   v - +0 cloak
rCorr    .         Harm     .   f - +0 pair of gloves
MR       .....                  (no boots)
Stlth    ++........             (no amulet)
HPRegen  0.16/turn              z - ring of wizardry
MPRegen  0.15/turn              x - +1 ring of slaying

@: no status effects
A: negative energy resistance 1, electricity resistance, unbreathing,
petrification resistance, rot immunity, AC +6
a: Renounce Religion


You were on level 6 of the Dungeon.
You worshipped Vehumet.
Vehumet was aware of your devotion.
You were not hungry.

You visited 2 branches of the dungeon, and saw 7 of its levels.

You collected 270 gold pieces.

Inventory:

Hand Weapons
 h - a +0 club
 p - a +1 short sword of freezing
 B - a +1 flail of draining
 I - a +3 morningstar (weapon)
Missiles
 b - 112 stones (quivered)
Armour
 c - a +0 robe (worn)
 f - a +0 pair of gloves (worn)
 v - a +0 cloak (worn)
 C - a +0 scale mail of cold resistance
Jewellery
 t - a +3 ring of strength
 x - a +1 ring of slaying (right hand)
 z - a ring of wizardry (left hand)
 F - an uncursed ring of see invisible
Wands
 A - a wand of polymorph (13)
 H - a wand of flame (42)
Scrolls
 g - a scroll of random uselessness {unknown}
 i - a scroll of brand weapon {unknown}
 k - 4 scrolls of amnesia
 l - 2 scrolls of teleportation {unknown}
 m - 5 scrolls of identify {@r1}
 w - 2 scrolls of immolation {unknown}
 y - 3 scrolls of remove curse {unknown}
 E - 2 scrolls of enchant weapon {unknown}
Potions
 j - a potion of flight {unknown}
 n - 2 potions of curing {@q1}
 o - 4 potions of lignification {unknown}
 r - 2 potions of berserk rage {unknown}
 s - a potion of agility {unknown}
 u - 3 potions of brilliance {unknown}
 J - a potion of might {unknown}
Books
 e - a book of Geomancy

   Spells                             Type                      Level
   a - Sandblast                      Earth                        1
   b - Passwall                       Transmutation/Earth          2
   c - Stone Arrow                    Conjuration/Earth            3
   d - Petrify                        Transmutation/Earth          4
   e - Lee's Rapid Deconstruction     Earth                        5
 q - a book of Cantrips

   Spells                             Type                      Level
   a - Confusing Touch                Hexes                        1
   b - Animate Skeleton               Necromancy                   1
   c - Summon Small Mammal            Summoning                    1
   d - Apportation                    Translocation                1
 G - a book of Conjurations

   Spells                             Type                      Level
   a - Magic Dart                     Conjuration                  1
   b - Searing Ray                    Conjuration                  2
   c - Dazzling Spray                 Conjuration/Hexes            3
   d - Fulminant Prism                Conjuration/Hexes            4
   e - Force Lance                    Conjuration/Translocation    4
   f - Iskenderun's Mystic Blast      Conjuration                  4
Comestibles
 d - 13 rations


   Skills:
 + Level 3.1 Fighting
 - Level 0.7 Short Blades
 + Level 2.6 Maces & Flails
 + Level 3.2 Armour
 + Level 3.1 Dodging
 - Level 2.1 Stealth
 + Level 5.2 Spellcasting
 + Level 5.3 Conjurations
 - Level 0.7 Transmutations
 + Level 7.5 Earth Magic


You had 7 spell levels left.
You knew the following spells:

 Your Spells              Type           Power        Failure   Level  Hunger
a - Sandblast             Erth           ####..       1%          1    None
b - Stone Arrow           Conj/Erth      ####..       1%          3    ##.....
c - Lee's Rapid Deconstr  Erth           ####......   6%          5    #####..
d - Passwall              Tmut/Erth      ###.......   1%          2    None


Dungeon Overview and Level Annotations

Branches:
Dungeon (6/15)             Temple (1/1) D:5

Altars:
Fedhas
Gozag
Kikubaaqudgha
Makhleb
Nemelex Xobeh
Qazlal
Ru
Sif Muna
Trog
Uskayaw
Vehumet
Wu Jian
Xom
Yredelemnul
Zin
The Shining One


Innate Abilities, Weirdness & Mutations

You are resistant to torment.
Your stone body is resilient. (AC +6)
You are immune to poison.
You resist negative energy. (rN+)
You are resistant to electric shocks. (rElec)
You can survive without breathing.
You are immune to petrification.
You are immune to rotting.


Message History

The blast of sand misses the troll.
b - 112 stones The troll bites you!
The troll claws you. x2
Okay, then.
Casting: Sandblast
Confirm with . or Enter, or press ? or * to list all spells.
Aiming: Lee's Rapid Deconstruction
Press: ? - help, Dir - move target cursor, p - troll
Okay, then.
Casting: Lee's Rapid Deconstruction
Confirm with . or Enter, or press ? or * to list all spells.
Which direction?
The troll bites you.
* * * LOW HITPOINT WARNING * * *
The troll closely misses you. The troll claws you but does no damage.
You begin to meditate on the wall.
You continue meditating on the rock.
The troll barely misses you. The troll claws you.
* * * LOW HITPOINT WARNING * * *
The troll claws you!
You die...

#.# #.#.##..#
########### #(#
#.#+##..# #.#
#.......# ###.#
#.......#
#...#####.......#
#.#.......#'##..#
#...........#...#
###.#####.#.#..##
#.# #...#.#@.#
#.# #.#.#.#T.#
#.# #.......†#
#.# #####.##.#
#.# .......
...#.##.#.
##.#.##.#.. # #.#
.. #.# ...


You could see a troll.

Vanquished Creatures
  Eustachio (D:6)
  Edmund (D:5)
  The ghost of Gobbopathe the Charlatan, an amateur SpAr (D:4)
  An ice beast (D:5)
  2 ogres
  A centaur (D:5)
  A big kobold (D:5)
  A bullfrog (D:6)
  A scorpion (D:5)
  5 wights (D:6)
  A jelly (D:6)
  A crimson imp (D:5)
  A bullfrog skeleton (D:6)
  A gnoll shaman (D:6)
  A hound (D:6)
  An iguana (D:6)
  4 orc wizards
  4 worker ants
  A howler monkey skeleton (D:5)
  5 gnolls (D:6)
  6 adders
  A shadow imp (D:5)
  An ooze (D:1)
  An adder skeleton (D:5)
  2 worms
  2 dart slugs (D:1)
  2 leopard geckos
  11 orcs
  8 ball pythons
  7 giant cockroaches
  8 goblins
  7 hobgoblins
  10 jackals
  4 quokkas
  9 bats
  5 frilled lizards
  28 kobolds
  A leopard gecko skeleton (D:5)
  4 rats
152 creatures vanquished.

Vanquished Creatures (others)
  An iguana (D:5)
1 creature vanquished.

Grand Total: 153 creatures vanquished

Notes
Turn   | Place    | Note
-------+----------+-------------------------------------------
     0 | D:1      | aMcNicky the Gargoyle Earth Elementalist began the quest for the Orb.
     0 | D:1      | Reached XP level 1. HP: 10/10 MP: 3/3
   131 | D:1      | Reached XP level 2. HP: 10/15 MP: 3/5
   134 | D:1      | Reached skill level 4 in Earth Magic
   653 | D:1      | Reached XP level 3. HP: 16/19 MP: 4/6
   658 | D:1      | Learned a level 3 spell: Stone Arrow
   938 | D:2      | Found an opulent altar of Gozag.
   972 | D:2      | Reached skill level 1 in Conjurations
  1143 | D:2      | Reached XP level 4. HP: 15/24 MP: 4/8
  1507 | D:3      | Noticed an ogre
  1512 | D:3      | Killed an ogre
  1512 | D:3      | Reached skill level 5 in Earth Magic
  1512 | D:3      | Reached XP level 5. HP: 28/28 MP: 1/10
  1959 | D:3      | Reached XP level 6. HP: 32/32 MP: 6/11
  2457 | D:4      | Found a deep blue altar of Sif Muna.
  2660 | D:4      | Noticed Gobbopathe's ghost (amateur SpAr)
  2663 | D:4      | Killed Gobbopathe's ghost
  2663 | D:4      | Reached skill level 6 in Earth Magic
  2826 | D:4      | Reached XP level 7. HP: 36/36 MP: 7/13
  2833 | D:4      | Learned a level 5 spell: Lee's Rapid Deconstruction
  3061 | D:4      | Found a basalt altar of Yredelemnul.
  3158 | D:5      | Entered Level 5 of the Dungeon
  3206 | D:5      | Noticed Edmund
  3218 | D:5      | Learned a level 2 spell: Passwall
  3282 | D:5      | Killed Edmund
  3282 | D:5      | Reached skill level 1 in Fighting
  3282 | D:5      | Reached skill level 1 in Armour
  3381 | D:5      | Found a staircase to the Ecumenical Temple.
  3386 | Temple   | Entered the Ecumenical Temple
  3513 | Temple   | Became a worshipper of Vehumet
  3549 | D:5      | Found a sacrificial altar of Ru.
  4039 | D:5      | Found a burning altar of Makhleb.
  4116 | D:5      | Reached skill level 1 in Maces & Flails
  4116 | D:5      | Reached XP level 8. HP: 43/43 MP: 6/15
  4778 | D:6      | Reached skill level 7 in Earth Magic
  4784 | D:6      | Noticed Eustachio
  4792 | D:6      | Killed Eustachio
  4822 | D:6      | Reached skill level 5 in Spellcasting
  4879 | D:6      | Found a bloodstained altar of Trog.
  4923 | D:6      | Reached * piety under Vehumet
  4923 | D:6      | Offered knowledge of Flame Tongue by Vehumet.
  4943 | D:6      | Reached skill level 5 in Conjurations
  5196 | D:6      | Found a stormy altar of Qazlal.
  5207 | D:6      | Noticed a troll
  5241 | D:6      | Reached XP level 9. HP: 45/50 MP: 9/16
  5582 | D:6      | Slain by a troll

Skill      XL: |  1  2  3  4  5  6  7  8 |
---------------+-------------------------+-----
Earth Magic    | 4 5 6 7 |  7.5
Conjurations   | 1 2 3 4 5 |  5.3
Spellcasting   | 3 4 5 |  5.2
Fighting       | 1 3 |  3.1
Armour         | 1 3 |  3.2
Dodging        | 2 3 |  3.1
Maces & Flails | 1 2 |  2.6
Short Blades   | |  0.7
Stealth        | |  2.1
Transmutations | |  0.7

Action                   |  1- 3 |  4- 6 |  7- 9 || total
-------------------------+-------+-------+-------++-------
Melee: Unarmed           |    10 |       |       ||    10
       Club              |    55 |       |       ||    55
       Short sword       |    21 |    85 |     8 ||   114
       Flail             |       |       |    84 ||    84
       Morningstar       |       |       |    32 ||    32
 Cast: Sandblast         |    36 |    39 |    70 ||   145
       Stone Arrow       |       |     5 |     5 ||    10
       Lee's Rapid Decon |       |       |     9 ||     9
       Passwall          |       |       |     2 ||     2
  Use: Scroll            |     3 |     2 |     4 ||     9
       Potion            |       |       |     1 ||     1
 Stab: Sleeping          |     2 |     3 |       ||     5
  Eat: Chunk             |     1 |     6 |     2 ||     9
       Ration            |       |       |     3 ||     3
Armor: Robe              |    44 |    43 |    65 ||   152
Dodge: Dodged            |    87 |    71 |   116 ||   274
